[Event "*** Titled Tuesday Blitz"]
[Site "Chess.com"]
[Date "2018.04.03"]
[Round "6"]
[White "Batica1984"]
[Black "Sebastian"]
[Result "1/2-1/2"]
[WhiteElo "2643"]
[BlackElo "2792"]
[TimeControl "180+2"]
[EndTime "14:19:15 PDT"]
[Termination "Game drawn by agreement"]

1. e4 c5 2. Nf3 d6 3. d4 cxd4 4. Nxd4 Nf6 5. Nc3 a6 6. a4 g6 7.
Be2 Bg7 8. O-O O-O 9. Be3 Nc6 10.
Qd2 Bd7 11. Rad1 Rc8 12. Nxc6 Bxc6 13. f3 Nd7 14. Bd4 Qa5 15. Bxg7 Kxg7 16. Qd4+ Kg8 17.
b4 Qb6 18. a5 Qxd4+ 19. Rxd4 Rc7 20. Bc4 Rfc8 21. Bb3 b6 22. axb6 Nxb6 23. f4 Bb7 24.
Nd5 Nxd5 25. exd5 Rc3 26. f5 Kg7 27. Re4 R8c7 28. Rfe1 Kf8 29. Rh4 Bc8 30. fxg6 hxg6 31. Rh8+ Kg7 32. Re8 Kf6 33. Rf1+ Kg7 34. Re1 Bf5 35.
R8xe7 Rxe7 36. Rxe7 Bxc2 37. Bxc2 Rxc2 38. Rd7 Rc4 39. Rxd6 Rxb4 40. Rxa6 Rd4 41. d6 Kf6 42. Kf2 Ke6 43. Ke3 Rxd6 44. Rxd6+ Kxd6 45. Kf4 f6 46. h4 Ke6 47. Ke4 Kd6 48. Kf4 1/2-1/2

[Event "*** Titled Tuesday Blitz"]
[Site "Chess.com"]
[Date "2018.04.03"]
[Round "6"]
[White "FMAntonio"]
[Black "Ravan_02"]
[Result "1-0"]
[WhiteElo "2392"]
[BlackElo "2452"]
[TimeControl "180+2"]
[EndTime "14:19:17 PDT"]
[Termination "FMAntonio won on time"]

1. d4 Nf6 2. c4 g6 3. Nc3 Bg7 4. e4 d6 5. Be2 O-O 6. Be3 Nbd7 7.
Nf3 e5 8. O-O exd4 9. Nxd4 Nc5 10. f3 Re8 11. Kh1 c6 12. g4 d5 13. Nc2 Na6 14.
cxd5 cxd5 15. Bg5 Nc7 16. exd5 h6 17. Bxf6 Bxf6 18. d6 Ne6 19. Ne4 Be5 20. Bc4 Bd7 21. Ne3 Rc8 22. Rc1 Qh4 23. Qd2 Bf4 24.
Rfe1 Red8 25. Bxe6 Bxe6 26. Rxc8 Bxc8 27. Qe2 Be6 28.
Rd1 Bxa2 29. Nd5 Bxd5 30. Rxd5 Rc8 31. Rd1 Rd8 32. d7 Kh7 33. b4 f5 34. Nc5 fxg4 35.
fxg4 Qf6 36. Qe4 Rf8 37. Rf1 1-0

[Event "*** Titled Tuesday Blitz"]
[Site "Chess.com"]
[Date "2018.04.03"]
[Round "6"]
[White "GMSrinath"]
[Black "Muracle"]
[Result "0-1"]
[WhiteElo "2711"]
[BlackElo "2476"]
[TimeControl "180+2"]
[EndTime "14:19:27 PDT"]
[Termination "Muracle won by resignation"]

1. Nf3 Nf6 2. g3 d5 3. Bg2 Bf5 4. d3 c6 5. Nbd2 Nbd7 6. O-O e6 7. Re1 h6 8. e4 Bg6 9. e5 Ng8 10. Nh4 Bh7 11. f4 Bc5+ 12. Kh1 Ne7 13. Nb3 Bb6 14.
a4 a6 15. a5 Ba7 16. d4 Qc7 17. Be3 O-O-O 18. c3 Rdg8 19. Qh5 g6 20. Qg4 g5 21.
fxg5 hxg5 22. Bxg5 Nf5 23. Nxf5 Bxf5 24. Qf4 Rh5 25. Be7 Nxe5 26. Rxe5 Qxe7 27. Qf3 Rgh8 28. Kg1 Qg5 29. h4 Qg7 30. Re3 R5h6 31. Rf1 Rg6 32. Nc1 Bb8 33. Ne2 Rh7 34. Nf4 Be4 35. Qf2 Bxg2 36. Kxg2 Rg4 37. Ne2 Rgxh4 38. Qf3 Rh2+ 39. Kg1 Qg6 40. Nf4 Bxf4 41. Qxf4 Rh1+ 42. Kf2 R7h2+ 0-1

[Event "*** Titled Tuesday Blitz"]
[Site "Chess.com"]
[Date "2018.04.03"]
[Round "6"]
[White "Hrant_ChessMood"]
[Black "Korchmar_Vasiliy"]
[Result "1-0"]
[WhiteElo "2924"]
[BlackElo "2652"]
[TimeControl "180+2"]
[EndTime "14:19:28 PDT"]
[Termination "Hrant_ChessMood won by resignation"]

1. d4 Nf6 2. Nf3 d5 3. c4 e6 4.
Nc3 Bb4 5. Qa4+ Nc6 6. e3 O-O 7. Qc2 dxc4 8. Bxc4 Bd6 9. Bd2 e5 10. dxe5 Nxe5 11. Nxe5 Bxe5 12. O-O-O Qe7 13. Kb1 c6 14. h3 Be6 15. Bd3 Nd5 16. Nxd5 cxd5 17. Bxh7+ Kh8 18. Bd3 Rfc8 19. Qa4 b5 20. Qb4 Qd8 21.
Rc1 Rxc1+ 22. Rxc1 a5 23. Qc5 Qf6 24. f4 Bxb2 25.
Rc2 Ba1 26. g4 g5 27. fxg5 Qe5 28. Bc3 Bxc3 29. Qxc3 Qxc3 30. Rxc3 b4 31. Rc7 Kg7 32. Bf5 Re8 33. g6 Kf6 34. Bxe6 Rxe6 35. gxf7 Kg7 36. g5 Rxe3 37. g6 a4 38. Rc8 Re1+ 39. Kc2 Re2+ 40. Kd3 1-0

[Event "*** Titled Tuesday Blitz"]
[Site "Chess.com"]
[Date "2018.04.03"]
[Round "6"]
[White "Abrito99"]
[Black "BogdanDeac"]
[Result "0-1"]
[WhiteElo "2438"]
[BlackElo "2696"]
[TimeControl "180+2"]
[EndTime "14:19:31 PDT"]
[Termination "BogdanDeac won by resignation"]

1. e4 c5 2. Nf3 h6 3. b3 d6 4. Bb2 Nf6 5. Bb5+ Bd7 6. Bxd7+ Nbxd7 7. d3 g6 8. O-O Bg7 9. Nbd2 O-O 10. Qe2 Qc7 11. a4 Rfe8 12. Nc4 d5 13. exd5 Nxd5 14.
Bxg7 Kxg7 15. Rae1 Rad8 16. g3 b6 17. Nfd2 Nf8 18. f4 Ne6 19. Qg2 Nd4 20. Nf3 a6 21.
Nxd4 cxd4 22. f5 g5 23. Qe4 b5 24. Qxd4+ Nf6 25. Qb6 Qxb6+ 26. Nxb6 Rd6 27. a5 Kf8 28.
Rf2 Rb8 29. Rfe2 Rb7 30. Re5 Rc7 31. c4 Rxd3 32. cxb5 axb5 33. a6 Ra7 34. Ra1 Rd6 35. Rxb5 Ne8 36. Nd5 Rdxa6 37. Rxa6 Rxa6 38. Rb8 Ra7 39. b4 Rd7 40. Nb6 Rd1+ 41. Kg2 f6 42. b5 Kf7 43. Nc4 Rc1 44. Rc8 Rb1 45. b6 Rb4 46. Rc7 Nxc7 0-1

[Event "*** Titled Tuesday Blitz"]
[Site "Chess.com"]
[Date "2018.04.03"]
[Round "6"]
[White "maximlavrov"]
[Black "Chesscoach_Golichenko"]
[Result "1-0"]
[WhiteElo "2405"]
[BlackElo "2493"]
[TimeControl "180+2"]
[EndTime "14:19:33 PDT"]
[Termination "maximlavrov won by resignation"]

1. g3 Nf6 2. Nf3 b6 3. Bg2 Bb7 4. O-O e6 5. c4 Be7 6. d4 O-O 7. d5 Na6 8. Nd4 Nc5 9. Nc3 a5 10. e4 e5 11. Nf5 d6 12. b3 Bc8 13. Nxe7+ Qxe7 14. Be3 Ng4 15. Bd2 f5 16. Bh3 Nf6 17.
Bxf5 Bxf5 18. exf5 Nfe4 19. Nxe4 Nxe4 20. Be3 Nc5 21.
g4 g6 22. fxg6 hxg6 23. Kg2 Qh4 24. f3 Rf7 25. Qe1 Qxe1 26. Raxe1 Raf8 27. Bh6 Ra8 28.
f4 Kh7 29. Bg5 Nd3 30. Re4 exf4 31. Rf3 Ne5 32. Rfxf4 Raf8 33. Kg3 Kg7 34. h4 Nd3 35. Rxf7+ Rxf7 36. Re7 Nb4 37. a4 Na6 38. h5 gxh5 39.
gxh5 Rxe7 40. Bxe7 Nc5 41. Bd8 Nxb3 42. Bxc7 Nd2 43. c5 Ne4+ 44. Kf4 Nxc5 45. Bxd6 Nxa4 46. Be5+ Kh6 47. Bd4 Kxh5 48. d6 Kg6 49. d7 1-0

[Event "*** Titled Tuesday Blitz"]
[Site "Chess.com"]
[Date "2018.04.03"]
[Round "6"]
[White "Fandorine"]
[Black "ViktorMatviishen"]
[Result "1-0"]
[WhiteElo "2709"]
[BlackElo "2560"]
[TimeControl "180+2"]
[EndTime "14:19:34 PDT"]
[Termination "Fandorine won by resignation"]

1. e4 e5 2. Nf3 Nc6 3. Nc3 Nf6 4.
g3 g6 5. Bg2 Bg7 6. O-O O-O 7.
d3 d6 8. h3 h6 9. Be3 Be6 10. d4 exd4 11. Nxd4 Bd7 12. Qd2 Ne5 13.
Bxh6 Nc4 14. Qc1 Bh8 15. b3 Ne5 16. Bxf8 Qxf8 17. Rd1 Re8 18. Nd5 c5 19. Ne2 Nxd5 20.
Rxd5 Qe7 21. c3 Bxh3 22. Rxe5 Qxe5 23. Bxh3 Qxe4 24. Bf1 Re5 25. Qf4 Qd3 26. Rc1 Bg7 27. Nd4 Qe4 28. Qxe4 Rxe4 29. Nb5 d5 30. Bg2 Re5 31.
Nxa7 d4 32. Nb5 Re2 33. a4 Rb2 34. cxd4 cxd4 35. Bxb7 d3 36. Rd1 Rxb3 37. Bd5 Rb4 38. Rxd3 Rxa4 39. Rf3 Rb4 40. Bxf7+ Kh7 41. Nd6 Kh6 42. Bb3 Bd4 43. Kg2 Rb6 44. Nf7+ Kg7 45. Ng5 Bf6 46. Ne6+ Kh6 47. Rxf6 1-0

[Event "*** Titled Tuesday Blitz"]
[Site "Chess.com"]
[Date "2018.04.03"]
[Round "6"]
[White "Kangoroo3000"]
[Black "bascheyaro"]
[Result "1/2-1/2"]
[WhiteElo "2400"]
[BlackElo "2594"]
[TimeControl "180+2"]
[EndTime "14:19:34 PDT"]
[Termination "Game drawn by stalemate"]

1. d4 Nf6 2. c4 e6 3. Nf3 d5 4. g3 Bd6 5. Bg2 O-O 6. O-O Ne4 7. Nfd2 f5 8. Nc3 c6 9. Ndxe4 fxe4 10. f3 exf3 11.
Bxf3 Nd7 12. e4 dxc4 13. e5 Be7 14. a4 c5 15. Be3 cxd4 16. Bxd4 Qa5 17. Qe2 Bc5 18.
Bxc5 Qxc5+ 19. Kh1 Nxe5 20. Ne4 Qe7 21. Bg2 Bd7 22. Nd2 Qc5 23. Ne4 Qc7 24. Rac1 Bc6 25.
Qe3 Qe7 26. Nc5 Rxf1+ 27. Rxf1 Ng4 28. Qd4 Bxg2+ 29. Kxg2 Nf6 30. Qxc4 Nd5 31. Re1 Rc8 32. Qxd5 Rxc5 33. Rxe6 Rxd5 34. Rxe7 Rd2+ 35. Kf3 Rxb2 36. h4 Rb4 37. Rc7 a5 38. Rd7 h6 39. Rc7 Kh7 40. h5 b6 41. Rb7 Kg8 42. g4 Kf8 43.
Kg3 Rxa4 44. Rxb6 Ra1 45. Rb7 a4 46. Ra7 a3 47. Kg2 Kg8 48. Kh2 Kh7 49. Kg2 Kh8 50. Kh2 Kg8 51. Kg2 Kf8 52. Kh2 Ke8 53. Rxg7 Rb1 54.
Ra7 Rb3 55. Ra6 Rb2+ 56. Kg3 a2 57. Kf4 Kf7 58. Ra7+ Ke6 59. Ra6+ Kd5 60. Kf5 Rg2 61. Kg6 Rxg4+ 62. Kxh6 Rg2 63. Kh7 Kc4 64. h6 Rh2 65. Kg7 Rg2+ 66. Kh8 Kb3 67. h7 Rh2 68. Rxa2 Kxa2 69.
Kg7 Rg2+ 70. Kh8 Rg1 1/2-1/2

[Event "*** Titled Tuesday Blitz"]
[Site "Chess.com"]
[Date "2018.04.03"]
[Round "6"]
[White "blitzcopter"]
[Black "nickmatta"]
[Result "0-1"]
[WhiteElo "2143"]
[BlackElo "2306"]
[TimeControl "180+2"]
[EndTime "14:19:35 PDT"]
[Termination "nickmatta won by resignation"]

1. e4 e5 2. Bc4 Nf6 3. d3 c6 4.
Nf3 d5 5. Bb3 Bb4+ 6. Bd2 Bxd2+ 7. Nbxd2 Nbd7 8. exd5 cxd5 9. O-O O-O 10. Re1 Re8 11.
Nf1 Qc7 12. a3 Nc5 13. Ba2 Bd7 14. Ne3 Bc6 15. d4 exd4 16. Nxd4 Rad8 17. Qf3 Ne6 18. Rad1 Qb6 19. Nxe6 fxe6 20. b4 d4 21. Qh3 dxe3 22.
Qxe3 Qxe3 23. fxe3 Kf7 24. Kf2 Rxd1 25. Rxd1 Ne4+ 26.
Kg1 Nc3 27. Rf1+ Ke7 28. Bc4 Rf8 29. Re1 Bd5 30. Bd3 Be4 31. Bc4 Rc8 32. Bb3 Nb5 33. a4 Na3 34. Ra1 Nxc2 35. Rc1 Rc3 36. Ba2 Rxe3 37.
Kf2 Rc3 38. g3 Bg6 39. Bb1 Rc4 40. b5 Na3 41. Bxg6 Rxc1 0-1

[Event "*** Titled Tuesday Blitz"]
[Site "Chess.com"]
[Date "2018.04.03"]
[Round "6"]
[White "Zufi1811"]
[Black "GMHess"]
[Result "0-1"]
[WhiteElo "2454"]
[BlackElo "2531"]
[TimeControl "180+2"]
[EndTime "14:19:39 PDT"]
[Termination "GMHess won by resignation"]

1. e4 d6 2. d4 Nf6 3. Nc3 c6 4. f4 Qa5 5. Bd3 d5 6. e5 Ne4 7. Qf3 g6 8. Ne2 Na6 9. O-O Nxc3 10. bxc3 e6 11. Be3 c5 12. c4 Nb4 13. a3 Nxd3 14.
cxd3 dxc4 15. dxc4 cxd4 16. Nxd4 Be7 17. Nc6 Qc7 18.
Nxe7 Qxe7 19. Rad1 Qxa3 20. Kh1 O-O 21. Qf2 b6 22. Rd6 Ba6 23. h4 Bxc4 24. Rfd1 Rac8 25. h5 Bb3 26. R1d2 Rc1+ 27. Kh2 Qa1 28. hxg6 hxg6 29. Rd8 Rh1+ 30. Kg3 Qa3 31. R2d3 Rxd8 32. Rxd8+ Kg7 33.
Rd3 Qb4 34. Qb2 Qe1+ 35. Bf2 Qe4 36. Qxb3 Qf5 37. Rd8 Qh5 38. Qb4 Qh4+ 39. Kf3 Qxd8 40.
g4 Qd5+ 41. Kg3 Rd1 42. Qc3 Rd3+ 43. Qxd3 Qxd3+ 44. Kh4 a5 45. Bg3 a4 46. Kg5 Qxg3 47. f5 gxf5 0-1

[Event "*** Titled Tuesday Blitz"]
[Site "Chess.com"]
[Date "2018.04.03"]
[Round "6"]
[White "Parhamov"]
[Black "Zaven_ChessMood"]
[Result "0-1"]
[WhiteElo "2811"]
[BlackElo "2817"]
[TimeControl "180+2"]
[EndTime "14:19:44 PDT"]
[Termination "Zaven_ChessMood won by resignation"]

1. Nf3 d5 2. g3 c6 3. Bg2 Bg4 4.
O-O Nd7 5. d3 Ngf6 6. h3 Bh5 7. Qe1 e5 8. g4 Bg6 9. Nh4 Nxg4 10. f4 Ngf6 11. Nc3 exf4 12. Bxf4 Bc5+ 13. Kh1 O-O 14. e4 Re8 15. Rd1 Bd4 16. Ne2 Bb6 17.
Nxg6 hxg6 18. Ng3 Bc7 19. Qf2 Bxf4 20. Qxf4 Qb8 21. Qxb8 Raxb8 22. exd5 Nxd5 23. Bxd5 cxd5 24. Rd2 f6 25. Ne2 g5 26. Nd4 Ne5 27. Kg2 Ng6 28. Nf5 Re5 29. Kg3 Rbe8 30. Kg4 R8e6 31. Rdf2 Nf4 32.
h4 g6 33. Nd4 f5+ 34. Kg3 Re3+ 35. Rf3 Nh5+ 36. Kg2 g4 37. Rxe3 Rxe3 38. Kf2 f4 39. Rg1 g3+ 40. Kg2 Kf7 41. Rf1 Kf6 42. Rf3 Re1 43.
Rf1 Rxf1 44. Kxf1 g5 45. hxg5+ Kxg5 46. Nf3+ Kg4 47. Kg2 Ng7 48. Ne5+ Kf5 49. Nf7 Ne6 50. Nh6+ Kg6 51. Ng4 Ng5 52. b4 d4 53. b5 Kf5 54.
Nh6+ Ke5 55. a3 Kd5 56. a4 Kc5 57. Nf5 Ne6 58. Ne7 Kb4 59. Nc8 a6 60. bxa6 bxa6 61. Nb6 Kc3 0-1

[Event "*** Titled Tuesday Blitz"]
[Site "Chess.com"]
[Date "2018.04.03"]
[Round "6"]
[White "Gattass"]
[Black "Saitama_Hero"]
[Result "1-0"]
[WhiteElo "2201"]
[BlackElo "2128"]
[TimeControl "180+2"]
[EndTime "14:19:44 PDT"]
[Termination "Gattass won by resignation"]

1. e4 c5 2. Nf3 e6 3. d4 cxd4 4.
Nxd4 Nf6 5. Nc3 d6 6. g3 h5 7.
h3 a6 8. Bg2 e5 9. Nde2 Nc6 10.
Be3 Be6 11. Qd2 Rc8 12. b3 b5 13. Nd5 Bxd5 14. exd5 Ne7 15. a4 Nf5 16. axb5 Nxe3 17. fxe3 axb5 18. O-O Be7 19. Ra6 O-O 20. Qd3 Qc7 21. c3 Qc5 22. b4 Qc4 23. Qxc4 Rxc4 24. Rb6 Ne4 25. Bxe4 Rxe4 26. Kf2 h4 27. Kf3 f5 28.
Rxb5 Bg5 29. gxh4 Rxe3+ 30. Kf2 Bh6 31. Rb6 Rxh3 32. Rxd6 Rh2+ 33. Ke1 f4 34. Re6 f3 35. Ng3 Bd2+ 36. Kd1 Bxc3 37. Ne4 Ra8 38. Rf2 Rxf2 39. Nxf2 Bd4 40. Ne4 Ra1+ 41. Kc2 Re1 42. d6 Rxe4 43. d7 Bb6 44. Rxb6 Rd4 45. Rb8+ Kf7 46.
d8=Q Rxd8 47. Rxd8 1-0

[Event "*** Titled Tuesday Blitz"]
[Site "Chess.com"]
[Date "2018.04.03"]
[Round "6"]
[White "AndrewDGreen"]
[Black "julinha97"]
[Result "1/2-1/2"]
[WhiteElo "2102"]
[BlackElo "2218"]
[TimeControl "180+2"]
[EndTime "14:19:44 PDT"]
[Termination "Game drawn by agreement"]

1. d4 Nf6 2. Nf3 g6 3. Nc3 d5 4. Bf4 Bg7 5. e3 O-O 6. Be2 c5 7. O-O Nc6 8. dxc5 Bf5 9. Nd4 Bd7 10. Nxc6 bxc6 11. Be5 Qa5 12. Qd4 Ne8 13. Bxg7 Nxg7 14. b4 Qc7 15. a4 e5 16. Qd2 Be6 17. Rab1 Rfd8 18. Rfd1 a5 19. Na2 axb4 20. Qxb4 Rdb8 21. Qa3 Bf5 22. Bd3 Bg4 23. f3 Be6 24. Rb4 Qa5 25. Rdb1 Rxb4 26. Rxb4 Nf5 27. Kf2 Kg7 28. g4 Ne7 29. Qc3 f6 30. g5 Nf5 31. gxf6+ Kxf6 32. Bxf5 Bxf5 33. f4 Qc7 34. Nc1 Re8 35. Nd3 Bxd3 36. cxd3 Kf7 37. fxe5 Rxe5 38. Rf4+ Kg8 39. Qb4 Rf5 40.
Qb6 Rxf4+ 41. exf4 Qxf4+ 42. Ke2 Qxh2+ 43. Kd1 Qg1+ 44. Kd2 Qf2+ 45. Kc3 Qe1+ 46. Kc2 Qe2+ 47. Kc3 Qe5+ 48. Kc2 Qe2+ 49. Kc3 1/2-1/2

[Event "*** Titled Tuesday Blitz"]
[Site "Chess.com"]
[Date "2018.04.03"]
[Round "6"]
[White "1random"]
[Black "TomPolgar"]
[Result "0-1"]
[WhiteElo "2186"]
[BlackElo "2369"]
[TimeControl "180+2"]
[EndTime "14:19:53 PDT"]
[Termination "TomPolgar won by checkmate"]

1. Nf3 Nf6 2. c4 g6 3. b3 Bg7 4.
Bb2 O-O 5. g3 d6 6. Bg2 e5 7. d4 e4 8. Nfd2 e3 9. fxe3 Ng4 10.
Nf1 Re8 11. e4 Qg5 12. Qd2 Qf6 13. Bf3 Nc6 14. h3 Nxd4 15. Nc3 Nxf3+ 16. exf3 Ne5 17. O-O-O Qxf3 18. Nh2 Qxg3 19. Nd5 Qh4 20. Ng4 Qd8 21. Bxe5 dxe5 22. Nh6+ Kf8 23. Rhf1 Be6 24. Qe3 Qh4 25.
Kb1 Qxh6 26. Qc5+ Kg8 27. Nxc7 Rac8 28. Qd6 Bf8 29. Nxe8 Bxd6 30. Nf6+ Kg7 31. Rxd6 Qxh3 32. Rf2 Qe3 33. Rdd2 h5 34. Kb2 Qxd2+ 35. Rxd2 Kxf6 36. Kc3 Kg5 37. Rf2 f6 38. Kd3 h4 39. Ke3 h3 40.
Kf3 Rd8 41. Kg3 Rd3+ 42. Kh2 Re3 43. c5 Rxe4 44. Rd2 Rd4 45. Rc2 e4 46. a3 e3 47.
a4 Rd2+ 48. Kg3 Rxc2 49. c6 Rg2+ 50. Kf3 Bd5+ 51. Kxe3 Bxc6 52. a5 Rg3+ 53. Kd4 Rg4+ 54. Kc5 h2 55. a6 h1=Q 56. Kd6 Qd5+ 57. Kc7 Qd7+ 58. Kb8 b6 59. b4 Re4 60. b5 Re8# 0-1

[Event "*** Titled Tuesday Blitz"]
[Site "Chess.com"]
[Date "2018.04.03"]
[Round "6"]
[White "florianschwabeneder"]
[Black "Supernotar"]
[Result "0-1"]
[WhiteElo "2364"]
[BlackElo "2169"]
[TimeControl "180+2"]
[EndTime "14:19:55 PDT"]
[Termination "Supernotar won by resignation"]

1. g3 c5 2. Bg2 Nc6 3. e4 g6 4. Ne2 Bg7 5. O-O d6 6. d3 e6 7.
f4 Nge7 8. Nd2 O-O 9. g4 Bd7 10. Ng3 f5 11. exf5 exf5 12. g5 Qc7 13. h4 Rfe8 14.
h5 d5 15. h6 Bh8 16. c3 Qd6 17.
Nf3 d4 18. c4 a5 19. Bd2 b6 20.
a3 a4 21. Qc2 Na5 22. Rae1 Nb3 23. Ne5 Rad8 24. Re2 Kf8 25. Rfe1 Bxe5 26. fxe5 Qe6 27. Bf4 Bc6 28. Bxc6 Nxc6 29. Nh1 Rc8 30. Nf2 Nd8 31.
Nh3 Qd7 32. e6 Rxe6 33. Be5 Kf7 34. Nf4 Re8 35. Bf6 Nc6 36. Nd5 Qd6 37. Kg2 Qd7 38.
Nxb6 Qb7 39. Nd5 Qd7 40. Rxe8 Rxe8 41. Rxe8 Qxe8 42. Kf3 Ne5+ 43. Bxe5 Qxe5 44. Qe2 Qxe2+ 45. Kxe2 Nc1+ 46. Kd2 Nb3+ 47. Kd1 Na5 48. Nf6 Nc6 49. Nxh7 Ne5 50. Ke2 f4 51. Nf6 f3+ 52. Kf2 Nxd3+ 53. Kxf3 Nxb2 54. Ng4 Nxc4 55. Ke4 Nxa3 56. Ne5+ Kg8 57.
Nxg6 Nc4 58. Nh4 a3 59. g6 Nd6+ 60. Kd5 a2 61. Kxd6 a1=Q 62. Nf5 Qa6+ 63. Kd5 Qxg6 64. Ne7+ Kf7 65. Nxg6 Kxg6 66. Kxc5 d3 0-1

[Event "*** Titled Tuesday Blitz"]
[Site "Chess.com"]
[Date "2018.04.03"]
[Round "6"]
[White "pKiLz5Rn9b"]
[Black "Margency"]
[Result "1-0"]
[WhiteElo "2643"]
[BlackElo "2581"]
[TimeControl "180+2"]
[EndTime "14:20:02 PDT"]
[Termination "pKiLz5Rn9b won by resignation"]

1. b3 g6 2. Bb2 Nf6 3. Nf3 Bg7 4. c4 c5 5. g3 O-O 6. Bg2 Nc6 7. O-O d6 8. d4 cxd4 9. Nxd4 Bd7 10. Nc3 Qa5 11.
e3 Rfc8 12. Re1 a6 13. Rc1 Rab8 14. a3 Qd8 15. b4 Ne5 16. c5 dxc5 17. bxc5 Rxc5 18.
Nb3 Rcc8 19. Qe2 Nc4 20. Ba1 Nxa3 21. Red1 Qe8 22. Qa2 Nc4 23. Nd5 Nxd5 24. Bxd5 Nd6 25. Rxc8 Rxc8 26. Bxg7 Kxg7 27. Na5 Rc7 28. Qb2+ Kg8 29.
Qe5 b6 30. Nb3 a5 31. Nd4 Rc5 32. e4 a4 33. Qf4 e5 34. Qf6 exd4 35. Qxd6 Bh3 36.
Qxb6 Qc8 37. Qf6 Rc7 38. e5 a3 39. Qf4 d3 40. Qe3 Rc3 41. f4 d2 42. Qxd2 Rc2 43.
Qa5 a2 44. Bxa2 Rg2+ 45. Kh1 Qc2 46. Qd8+ Kg7 47. Qf6+ Kh6 48. Qh4+ Kg7 49. Qf6+ Kh6 50. Qg5+ Kg7 51. Qf6+ Kh6 52. Qh4+ Kg7 53. Qxh3 Qxa2 54. Qxg2 1-0

[Event "*** Titled Tuesday Blitz"]
[Site "Chess.com"]
[Date "2018.04.03"]
[Round "6"]
[White "Mikhail_Golubev"]
[Black "Cecile-Haussernot"]
[Result "1-0"]
[WhiteElo "2277"]
[BlackElo "2293"]
[TimeControl "180+2"]
[EndTime "14:20:07 PDT"]
[Termination "Mikhail_Golubev won on time"]

1. e4 c5 2. Nf3 d6 3. d4 cxd4 4. Nxd4 Nf6 5. Nc3 a6 6. Bc4 e6 7. Bb3 Nbd7 8. O-O Nc5 9. f4 Qc7 10. Qe2 Be7 11. e5 dxe5 12. fxe5 Nfd7 13. Bf4 O-O 14. Rad1 b5 15. Nf5 exf5 16. e6 Qb6 17. Nd5 Qa7 18. Nxe7+ Kh8 19. exd7 Bxd7 20. Be3 Qc7 21.
Nd5 Qe5 22. Nb6 Rae8 23. Nxd7 Nxd7 24. Rxd7 f4 25. Rxf7 Rxf7 26. Bxf7 Re7 27. Rd1 g6 28. Bb3 fxe3 29. Rf1 Re8 30. Rf3 Qd4 31. c3 Qe4 32. Bc2 Qe5 33. Bd3 Qc5 34. Kh1 Qe5 35. Qe1 Qc5 36. Be2 Qd6 37. Qf1 Qc5 38. h3 Qd6 39. Kg1 Qc5 40. Kh1 Qd6 41. Rf7 Re6 42. Rf8+ Kg7 43.
Qf7+ Kh6 44. Qf4+ g5 45. Qxd6 Rxd6 46. Re8 Rd2 47. Rxe3 Rxb2 48. Bd3 Rxa2 49. Re7 g4 50.
h4 Ra1+ 51. Kh2 g3+ 52. Kxg3 1-0

[Event "*** Titled Tuesday Blitz"]
[Site "Chess.com"]
[Date "2018.04.03"]
[Round "6"]
[White "ShimanovAlex"]
[Black "schoolmeester"]
[Result "0-1"]
[WhiteElo "2706"]
[BlackElo "2718"]
[TimeControl "180+2"]
[EndTime "14:20:11 PDT"]
[Termination "schoolmeester won by resignation"]

1. d4 d5 2. c4 e6 3. Nf3 Nf6 4. g3 c6 5. Bg2 b6 6. O-O Bb7 7. Qc2 Nbd7 8. Nc3 Rc8 9. e4 dxc4 10. a4 a6 11. e5 Nd5 12. Ne4 b5 13. Bg5 Qb6 14.
b3 cxb3 15. Qxb3 h6 16. Bc1 c5 17. axb5 axb5 18. dxc5 Nxc5 19. Qb1 Be7 20. Nd6+ Bxd6 21. exd6 O-O 22. Bb2 Qxd6 23. Ne5 Na4 24. Re1 Ndc3 25. Bxc3 Nxc3 26. Qb3 Bxg2 27. Kxg2 Rfd8 28. Ra7 Rc7 29. Ra5 Qb6 30. Qb4 Rd2 31. Ra8+ Kh7 32. Qf4 Qb7+ 33.
Qf3 Qxf3+ 34. Nxf3 Rb2 35. Rb8 Nd5 36. Nd4 b4 37.
Kg1 Rc4 38. Nf3 Rcc2 39. Rf1 Rc3 40. Ne5 f6 41. Nd7 Kg6 42. Re8 Kf7 43. Rb8 Rc7 44. Nb6 Nxb6 45. Rxb6 h5 46. h4 e5 47. Rd1 Rcc2 48.
Rf1 Kg6 49. Kg2 Kf5 50. Rb5 Re2 51. Kg1 Kg6 52. Rb7 e4 53. Re7 Rbc2 54. Rb7 Rb2 55. Re7 f5 56. Re6+ Kh7 57. Re5 Kg6 58. Re6+ Kf7 59. Re5 Kf6 60. Re8 b3 61. Rf8+ Kg6 62.
Re8 Rbc2 63. Rb8 b2 64. Rb6+ Kh7 65. Rb5 e3 66. Rb6 exf2+ 67. Kg2 Re1 68. Rxf2 Rxf2+ 0-1

[Event "*** Titled Tuesday Blitz"]
[Site "Chess.com"]
[Date "2018.04.03"]
[Round "6"]
[White "Generalas"]
[Black "toad"]
[Result "0-1"]
[WhiteElo "2164"]
[BlackElo "2254"]
[TimeControl "180+2"]
[EndTime "14:20:17 PDT"]
[Termination "toad won by checkmate"]

1. e4 c5 2. c3 Nf6 3. e5 Nd5 4. Nf3 d6 5. Bc4 Nb6 6. Bb3 Nc6 7.
exd6 Qxd6 8. O-O g6 9. Ng5 c4 10. Bc2 Bg7 11. b3 O-O 12. Na3 h6 13. Ne4 Qd5 14. Qe2 cxb3 15. axb3 Bf5 16. Nb5 Qd7 17. Nc5 Qc8 18. Bxf5 Qxf5 19. Nxb7 Rab8 20. Na5 Nxa5 21. Rxa5 Nd5 22. d4 Nxc3 23. Nxc3 Qxa5 24. Bd2 Rxb3 25. Rc1 Rc8 26. Qe3 Qa3 27. h4 Qxc1+ 28. Bxc1 Rbxc3 29. Qxe7 Rxc1+ 30. Kh2 R1c7 31. Qb4 Rd7 32. Qa4 Rcd8 33.
d5 Be5+ 34. g3 Bd6 35. Kg2 Bc5 36. Qc6 Bb6 37. h5 Rd6 38. Qc1 g5 39. Qc4 Rxd5 40.
Qc6 R5d6 41. Qb7 Rd2 42. Kf3 Rxf2+ 43. Kg4 Rfd2 44. Qc6 R2d4+ 45. Kf3 R4d6 46. Qb7 Rd3+ 47. Ke4 R3d4+ 48. Kf5 R4d5+ 49. Kf6 R5d6+ 50. Kf5 Kg7 51. Kg4 Rd4+ 52. Kf3 Rd3+ 53. Kg4 R8d4+ 54. Kf5 Rd5+ 55. Ke4 R3d4+ 56. Kf3 Rd7 57. Qc6 Bc7 58. Qc3 Kg8 59.
Qc6 Rd3+ 60. Ke4 Bxg3 61. Qxh6 Bf4 62. Qf6 Re3+ 63. Kf5 Rd5+ 64. Kg4 Rg3# 0-1

[Event "*** Titled Tuesday Blitz"]
[Site "Chess.com"]
[Date "2018.04.03"]
[Round "6"]
[White "GasconJR"]
[Black "r31415"]
[Result "1-0"]
[WhiteElo "2336"]
[BlackElo "2195"]
[TimeControl "180+2"]
[EndTime "14:20:18 PDT"]
[Termination "GasconJR won by resignation"]

1. e4 d6 2. d4 Nf6 3. Nc3 g6 4. Bg5 c6 5. Qd2 b5 6. e5 dxe5 7. dxe5 Qxd2+ 8. Bxd2 Ng4 9. f4 Bf5 10. h3 Nh6 11. g4 Be6 12. Bg2 a6 13. O-O-O f5 14.
exf6 exf6 15. Nf3 Bc5 16. f5 Nxf5 17. gxf5 Bxf5 18. Rhe1+ Kf7 19. Nh4 Be6 20. Ne4 Be7 21.
Bc3 b4 22. Nd6+ Bxd6 23. Rxd6 bxc3 24. Rdxe6 cxb2+ 25. Kxb2 Ra7 26. Nf3 Rd8 27. Kc3 a5 28.
Nd4 Rc7 29. Nb3 a4 30. Nc5 Rd5 31. Bxd5 cxd5 32. Kd4 Nc6+ 33. Kxd5 Ne5 34. Rxf6+ Kxf6 35. Ne4+ Kg7 36. Kxe5 Rxc2 37. a3 Rc4 38. Kd5 Rc2 39.
Re3 Rc8 40. Nc5 Ra8 41. Re4 Rd8+ 42. Kc4 Rc8 43. Kb5 Rf8 44. Kxa4 Rf3 45. h4 h6 46. Ne6+ Kg8 47. Kb4 Rf5 48. a4 Rf1 49. a5 Rb1+ 50. Kc5 Kf7 51. a6 Rc1+ 52. Kb6 Rb1+ 53. Ka5 Ra1+ 54.
Ra4 Rc1 55. a7 Rc8 56. Nc7 1-0

[Event "*** Titled Tuesday Blitz"]
[Site "Chess.com"]
[Date "2018.04.03"]
[Round "6"]
[White "BartoszSocko"]
[Black "kikydu96"]
[Result "1-0"]
[WhiteElo "2575"]
[BlackElo "2369"]
[TimeControl "180+2"]
[EndTime "14:20:28 PDT"]
[Termination "BartoszSocko won by resignation"]

1. e4 e5 2. Nf3 Nc6 3. Bb5 Nf6 4. O-O Nxe4 5. d4 Nd6 6. Bxc6 dxc6 7. dxe5 Nf5 8.
Qxd8+ Kxd8 9. Nc3 Bd7 10. Bf4 Kc8 11. h3 h6 12. Rad1 Ne7 13. Bh2 b6 14. Rd2 c5 15.
Rfd1 Bc6 16. Rd8+ Kb7 17. Rxa8 Kxa8 18. Ne1 Kb7 19. f4 h5 20. Rd8 g6 21. g4 hxg4 22. hxg4 Bg7 23. Rxh8 Bxh8 24. Kf2 b5 25. Nf3 b4 26.
Nd1 Nd5 27. Ng5 Be8 28. Ne4 Kc6 29. c4 bxc3 30. bxc3 Bd7 31. Kf3 f6 32. c4 Nb4 33.
exf6 Be6 34. Ne3 Nxa2 35. Ng5 Bxc4 36. Nxc4 Bxf6 37. Ne4 Bd4 38. Ne5+ Bxe5 39. fxe5 Kd5 40. Ng5 Nb4 41. e6 Nc6 42. Bxc7 c4 43. Ke3 Kc5 44. Kd2 Kd4 45. Bd8 c3+ 46. Kc1 Kd3 47. e7 Nd4 48. e8=Q Nb3+ 49. Kb1 c2+ 50. Ka2 c1=Q 51. Qe4+ Kc3 52.
Bf6+ Kd2 53. Nf3+ Kd1 54. Qe1+ Kc2 55. Qc3+ Kd1 56. Qxb3+ Ke2 57. Nd4+ Kf2 58. Qf3+ 1-0